 Dungeon Crawl Stone Soup version bcrawl-1.38.3 (webtiles) character file.

Game seed: 10231126058846161113

143856 Hajna the Grave Robber (level 3, -5/19 HPs)
             Began as a Skeleton Necromancer on June 10, 2023.
             Slain by an ogre
             ... wielding a cursed -1 giant spiked club
              (24 damage)
             ... on level 2 of the Dungeon.
             The game lasted 00:10:18 (698 turns).

Hajna the Grave Robber (Skeleton Necromancer)        Turns: 698, Time: 00:10:19

Health: -5/19      AC:  3    Str: 14    XL:     3   Next: 21%
Magic:  0/8        EV: 12    Int: 14    God:
Gold:   173        SH:  0    Dex:  9    Spells: 8/9 levels left

rFire    . . .     GDR:     21% a - +1 dagger (pain)
rCold    + . .     SeeInvis .   (no shield)
rNeg     + + +     Gourm    .   b - +0 robe
rPois    ∞         Faith    .   (no helmet)
rElec    .         Spirit   +   (no cloak)
rCorr    .         Reflect  .   (no gloves)
MR       .....                  h - +0 pair of boots
Stlth    ++........             (no amulet)
HPRegen  0.13/turn              (no ring)
MPRegen  0.11/turn              (no ring)

@: no status effects
A: no food or potions, cold resistance 1, deterioration 1, negative energy
resistance 3, torment resistance, unbreathing, magic shield, sturdy frame 1,
spell healing
a: no special abilities


You were on level 2 of the Dungeon.
You were not hungry.

You visited 1 branch of the dungeon, and saw 2 of its levels.

You collected 173 gold pieces.

Inventory:

Hand Weapons
 a - a +1 dagger of pain (weapon)
 c - a +0 mace
Armour
 b - a +0 robe (worn)
 h - a +0 pair of boots (worn)
Scrolls
 f - a scroll of remove curse {unknown}
 g - a scroll of enchant armour {unknown}
 i - a scroll of identify
 k - a scroll of magic mapping {unknown}
 l - 2 scrolls of teleportation {unknown}
Potions
 d - a potion of heal wounds {unknown}
 e - a potion of cancellation {unknown}
 j - 2 potions of degeneration {unknown}


   Skills:
 + Level 2.1 Dodging
 + Level 2.4 Stealth
 + Level 3.8 Spellcasting
 + Level 5.1 Necromancy


You had 8 spell levels left.
You knew the following spells:

 Your Spells              Type           Power        Failure   Level  Hunger
a - Necrotize             Necr           ###...       2%          1    N/A

Your spell library contained the following spells:

 Spells                   Type           Power        Failure   Level  Hunger
 Vampiric Draining        Necr           ###.......   7%          3    N/A
 Agony                    Necr           ###.....     24%         4    N/A
 Animate Dead             Necr           N/A          24%         4    N/A
 Dispel Undead            Necr           ###.....     54%         5    N/A

Dungeon Overview and Level Annotations

Branches:
Dungeon (2/12)

Altars:


Innate Abilities, Weirdness & Mutations

You do not eat or drink.
You are immune to poison.
Your flesh is cold resistant. (rC+)
Your body sometimes deteriorates upon taking damage.
You are immune to negative energy. (rN+++)
You are immune to unholy pain and torment.
You can survive without breathing.
When hurt, damage is shared between your health and your magic reserves.
Your movements are slightly less encumbered by armour. (ER -2)
Casting spells heals you.


Message History

Aiming: Necrotize (safe; 2% risk of failure)
Press: ? - help, Shift-Dir - straight line, f/p - ogre
Aim: an ogre, wielding a -1 giant spiked club (lightly wounded, chance to defeat MR: 75%)
The ogre writhes in agony.
The ogre closely misses you.
Casting: Necrotize (safe; 2% risk of failure)
Confirm with . or Enter, or press ? or * to list all spells.
Aiming: Necrotize (safe; 2% risk of failure)
Press: ? - help, Shift-Dir - straight line, f/p - ogre
Aim: an ogre, wielding a -1 giant spiked club (moderately wounded, chance to defeat MR: 75%)
The ogre writhes in agony.
Your goblin zombie barely misses the ogre.
Casting: Necrotize (safe; 2% risk of failure)
Confirm with . or Enter, or press ? or * to list all spells.
Aiming: Necrotize (safe; 2% risk of failure)
Press: ? - help, Shift-Dir - straight line, f/p - ogre
Aim: an ogre, wielding a -1 giant spiked club (heavily wounded, chance to defeat MR: 75%)
The ogre writhes in agony.
The ogre hits you with a cursed -1 giant spiked club!!
Ouch! That really hurt!
You die...

#.#.........#
...
#.#.........#
#.#.........#
.
#.#..........
#..
#.##########.
#...###Z# .
..%....)## .
.......Z.#
.......O@# .
.##......# #
#......#
######## ###
.( ##
########.#.
#.Z......#.


You could see an ogre, a friendly rat zombie and a friendly goblin zombie.

Vanquished Creatures
  A dart slug (D:1)
  A leopard gecko (D:2)
  A ball python (D:1)
  A bat (D:1)
  A giant cockroach (D:1)
  4 goblins
  8 hobgoblins
  A kobold (D:1)
  3 frilled lizards
  4 rats
25 creatures vanquished.

Vanquished Creatures (collateral kills)
  An ooze (D:1)
  A goblin (D:1)
2 creatures vanquished.

Grand Total: 27 creatures vanquished

Notes
Turn   | Place    | Note
-------+----------+-------------------------------------------
     0 | D:1      | Hajna the Skeleton Necromancer began the quest for the Orb.
     0 | D:1      | Reached XP level 1. HP: 10/10 MP: 4/4
   131 | D:1      | Reached XP level 2. HP: 15/15 MP: 0/6
   252 | D:1      | Reached skill level 5 in Necromancy
   427 | D:1      | Reached XP level 3. HP: 17/19 MP: 4/8
   689 | D:2      | Noticed an ogre
   698 | D:2      | Slain by an ogre

Skill      XL: |  1  2 |
---------------+-------+-----
Necromancy     | 5 |  5.1
Dodging        | |  2.1
Stealth        | |  2.4
Spellcasting   | |  3.8

Action                   || total
-------------------------++-------
Melee: Dagger            ||    23
 Cast: Necrotize         ||    44
  Use: Scroll            ||     2
Armor: Robe              ||     5
Dodge: Dodged            ||    10
